TOP OF THE 1ST |
Quad Cities River Bandits batting - Pitching for West Michigan Whitecaps : LHP Jim Daum
|
Pitching: LHP Jim Daum
|
|
Batting: RHB Tim Persson
|
0-0: Called Strike 0-1: Ball 1-1: Fly out, F9 (Flyball, 89S, EV 94.4 MPH)
|
Batting: LHB Kelvin Jones
|
0-0: Foul Ball, location: 2F 0-1: Called Strike 0-2: Ball 1-2: Ball 2-2: Foul Ball, location: 2F 2-2: Ball 3-2: Ground out 6-3 (Groundball, 6M, EV 92.5 MPH)
|
Batting: LHB Danny Wolver
|
0-0: Called Strike 0-1: Ball 1-1: Called Strike 1-2: Ball 2-2: Ball 3-2: Strikes out swinging
|
Top of the 1st over - 0 runs, 0 hits, 0 errors, 0 left on base; Quad Cities 0 - West Michigan 0 |
BOTTOM OF THE 1ST |
West Michigan Whitecaps batting - Pitching for Quad Cities River Bandits : RHP Isaiah McLaurin
|
Pitching: RHP Isaiah McLaurin
|
|
Batting: SHB Willie Medina
|
0-0: Ball 1-0: Foul Ball, location: 2F 1-1: Ball 2-1: Ball 3-1: Called Strike 3-2: Ground out 4-3 (Groundball, 4D, EV 100.0 MPH)
|
Batting: LHB George Moran
|
0-0: Ball 1-0: Ball 2-0: Swinging Strike 2-1: Foul Ball, location: 2F 2-2: Foul Ball, location: 2F 2-2: Foul Ball, location: 2F 2-2: Strikes out swinging
|
Batting: LHB Dave Carlisle
|
0-0: Fly out, F8 (Flyball, 78M, EV 90.6 MPH)
|
Bottom of the 1st over - 0 runs, 0 hits, 0 errors, 0 left on base; Quad Cities 0 - West Michigan 0 |
TOP OF THE 2ND |
Quad Cities River Bandits batting - Pitching for West Michigan Whitecaps : LHP Jim Daum
|
Batting: LHB Aldo Kok
|
0-0: Called Strike 0-1: Ball 1-1: Ground out 5-3 (Groundball, 56S, EV 89.4 MPH)
|
Batting: RHB Alex Campos
|
0-0: Ball 1-0: DOUBLE (Flyball, 78D, EV 99.4 MPH)
|
Batting: LHB Daigo Ishii
|
0-0: Foul Ball, location: 2F 0-1: Ball 1-1: Swinging Strike 1-2: Fly out, F7 (Line Drive, 7D, EV 103.1 MPH)
|
Batting: RHB Joel Vazquez
|
0-0: Swinging Strike 0-1: Ball 1-1: Fly out, F5 (Popup, 25F, EV 86.9 MPH)
|
Top of the 2nd over - 0 runs, 1 hit, 0 errors, 1 left on base; Quad Cities 0 - West Michigan 0 |
BOTTOM OF THE 2ND |
West Michigan Whitecaps batting - Pitching for Quad Cities River Bandits : RHP Isaiah McLaurin
|
Batting: LHB Jamie Christian
|
0-0: Ball 1-0: Foul Ball, location: 2F 1-1: Foul Ball, location: 2F 1-2: Ball 2-2: Ball 3-2: Strikes out swinging
|
Batting: RHB Jon Goldstein
|
0-0: Ball 1-0: Swinging Strike 1-1: Ball 2-1: Foul Ball, location: 2F 2-2: Strikes out swinging
|
Batting: LHB Jon Pedlar
|
0-0: Called Strike 0-1: Foul Ball, location: 2F 0-2: Foul Ball, location: 2F 0-2: Strikes out swinging
|
Bottom of the 2nd over - 0 runs, 0 hits, 0 errors, 0 left on base; Quad Cities 0 - West Michigan 0 |
TOP OF THE 3RD |
Quad Cities River Bandits batting - Pitching for West Michigan Whitecaps : LHP Jim Daum
|
Batting: RHB Sean Mounts
|
0-0: Foul Ball, location: 2F 0-1: Foul Ball, location: 2F 0-2: Ball 1-2: Ball 2-2: Fly out, F8 (Line Drive, 8RS, EV 90.0 MPH)
|
Batting: LHB Mike Staley
|
0-0: Ball 1-0: Ball 2-0: SINGLE (Line Drive, 4D, EV 107.5 MPH)
|
Batting: RHB Tim Persson
|
0-0: Ball 1-0: SINGLE (Groundball, 56D, EV 96.9 MPH) Mike Staley to second
|
Batting: LHB Kelvin Jones
|
0-0: Called Strike 0-1: Ball 1-1: Foul Ball, location: 2F 1-2: Ball 2-2: Fielders Choice at 2nd, 3-6 (Groundball, 34, EV 87.5 MPH) Mike Staley to third
|
Batting: LHB Danny Wolver
|
0-0: Ball 1-0: Called Strike 1-1: Foul Ball, location: 2F 1-2: Foul Ball, location: 2F 1-2: Foul Ball, location: 2F 1-2: Ball 2-2: Strikes out swinging
|
Top of the 3rd over - 0 runs, 2 hits, 0 errors, 2 left on base; Quad Cities 0 - West Michigan 0 |
BOTTOM OF THE 3RD |
West Michigan Whitecaps batting - Pitching for Quad Cities River Bandits : RHP Isaiah McLaurin
|
Batting: RHB Scott Carr
|
0-0: Ball 1-0: Called Strike 1-1: Ball 2-1: Ball 3-1: SINGLE (Groundball, 4M, EV 102.5 MPH) (infield hit)
|
Batting: LHB Steve Herrera
|
0-0: Fly out, F7 (Flyball, 7LD, EV 104.4 MPH)
|
Batting: RHB Yaremka Rzhevsky
|
0-0: Fielders Choice at 2nd, 6-4 (Groundball, 6, EV 88.8 MPH)
|
Batting: SHB Willie Medina
|
0-0: Foul Ball, location: 2F 0-1: Foul Ball, location: 2F 0-2: Ball 1-2: Ball Yaremka Rzhevsky is caught stealing 2nd base 2-6
|
Bottom of the 3rd over - 0 runs, 1 hit, 0 errors, 0 left on base; Quad Cities 0 - West Michigan 0 |
TOP OF THE 4TH |
Quad Cities River Bandits batting - Pitching for West Michigan Whitecaps : LHP Jim Daum
|
Batting: LHB Aldo Kok
|
0-0: Foul Ball, location: 2F 0-1: Swinging Strike 0-2: Fly out, F7 (Flyball, 7, EV 81.9 MPH)
|
Batting: RHB Alex Campos
|
0-0: Foul Ball, location: 2F 0-1: Ground out 1-3 (Groundball, 15S, EV 66.2 MPH)
|
Batting: LHB Daigo Ishii
|
0-0: Swinging Strike 0-1: Ground out U3 (Groundball, 3, EV 91.2 MPH)
|
Top of the 4th over - 0 runs, 0 hits, 0 errors, 0 left on base; Quad Cities 0 - West Michigan 0 |
BOTTOM OF THE 4TH |
West Michigan Whitecaps batting - Pitching for Quad Cities River Bandits : RHP Isaiah McLaurin
|
Batting: SHB Willie Medina
|
0-0: Foul Ball, location: 2F 0-1: Swinging Strike 0-2: Foul Ball, location: 2F 0-2: Ball 1-2: Foul Ball, location: 2F 1-2: Fly out, F7 (Flyball, 7LM, EV 85.6 MPH)
|
Batting: LHB George Moran
|
0-0: Ball 1-0: Ball 2-0: DOUBLE (Line Drive, 3D, EV 101.9 MPH)
|
Batting: LHB Dave Carlisle
|
0-0: Ball George Moran is caught stealing 3rd base 2-5 1-0: Called Strike 1-1: Foul Ball, location: 2F 1-2: Ball 2-2: Foul Ball, location: 2F 2-2: Strikes out swinging
|
Bottom of the 4th over - 0 runs, 1 hit, 0 errors, 0 left on base; Quad Cities 0 - West Michigan 0 |
TOP OF THE 5TH |
Quad Cities River Bandits batting - Pitching for West Michigan Whitecaps : LHP Jim Daum
|
Batting: RHB Joel Vazquez
|
0-0: Ball 1-0: Ball 2-0: SINGLE (Groundball, 56D, EV 98.1 MPH)
|
Batting: RHB Sean Mounts
|
0-0: Ball 1-0: Ball 2-0: TRIPLE (Flyball, 89XD, EV 88.8 MPH) Joel Vazquez scores
|
Batting: LHB Mike Staley
|
0-0: Ball 1-0: Ground out 6-3 (Groundball, 6, EV 104.4 MPH) Sean Mounts scores
|
Batting: RHB Tim Persson
|
0-0: Ball 1-0: Ground out 5-3 (Groundball, 56S, EV 79.4 MPH)
|
Batting: LHB Kelvin Jones
|
0-0: Foul Ball, location: 2F 0-1: Ball 1-1: Foul Ball, location: 2F 1-2: Ball 2-2: Fly out, F7 (Flyball, 7LD, EV 95.0 MPH)
|
Top of the 5th over - 2 runs, 2 hits, 0 errors, 0 left on base; Quad Cities 2 - West Michigan 0 |
BOTTOM OF THE 5TH |
West Michigan Whitecaps batting - Pitching for Quad Cities River Bandits : RHP Isaiah McLaurin
|
Batting: LHB Jamie Christian
|
0-0: DOUBLE (Flyball, 89XD, EV 108.8 MPH)
|
Batting: RHB Jon Goldstein
|
0-0: Called Strike 0-1: Foul Ball, location: 2F 0-2: Foul Ball, location: 2F 0-2: Fly out, F4 (Popup, 4MD, EV 65.6 MPH)
|
Batting: LHB Jon Pedlar
|
0-0: DOUBLE (Groundball, 3L, EV 93.8 MPH) Jamie Christian scores
|
Batting: RHB Scott Carr
|
0-0: Foul Ball, location: 2F 0-1: Ball 1-1: Ball 2-1: Ground out 6-3 (Groundball, 6M, EV 103.1 MPH) Jon Pedlar to third
|
Batting: LHB Steve Herrera
|
0-0: Ball 1-0: Ball 2-0: Ball 3-0: Called Strike 3-1: Called Strike 3-2: Strikes out swinging
|
Bottom of the 5th over - 1 run, 2 hits, 0 errors, 1 left on base; Quad Cities 2 - West Michigan 1 |
TOP OF THE 6TH |
Quad Cities River Bandits batting - Pitching for West Michigan Whitecaps : LHP Jim Daum
|
Batting: LHB Danny Wolver
|
0-0: Ball 1-0: Foul Ball, location: 2F 1-1: Ball 2-1: Ground out 4-3 (Groundball, 4, EV 83.8 MPH)
|
Batting: LHB Aldo Kok
|
0-0: Called Strike 0-1: Ball 1-1: Ball 2-1: Ground out 4-3 (Groundball, 4, EV 80.0 MPH)
|
Batting: RHB Alex Campos
|
0-0: Ball 1-0: Fly out, F4 (Flyball, 4MD, EV 82.5 MPH)
|
Top of the 6th over - 0 runs, 0 hits, 0 errors, 0 left on base; Quad Cities 2 - West Michigan 1 |
BOTTOM OF THE 6TH |
West Michigan Whitecaps batting - Pitching for Quad Cities River Bandits : RHP Isaiah McLaurin
|
Batting: RHB Yaremka Rzhevsky
|
0-0: Called Strike 0-1: Reached on error, E5 (Groundball, 56, EV 81.2 MPH)
|
Batting: SHB Willie Medina
|
0-0: Swinging Strike 0-1: SINGLE (Groundball, 56D, EV 99.4 MPH) Yaremka Rzhevsky to second
|
Batting: LHB George Moran
|
0-0: Fielders Choice at 2nd, 1-6 (Groundball, 13S, EV 71.9 MPH) Yaremka Rzhevsky to third
|
Batting: LHB Dave Carlisle
|
0-0: Ball George Moran steals 2nd, throwing error, E2 Yaremka Rzhevsky scores George Moran to third 1-0: Called Strike 1-1: Swinging Strike 1-2: Strikes out looking
|
Batting: LHB Jamie Christian
|
0-0: Ball 1-0: Called Strike 1-1: Ball 2-1: Ball 3-1: Foul Ball, location: 2F 3-2: Ground out 4-3 (Groundball, 4MD, EV 83.1 MPH)
|
Bottom of the 6th over - 1 run, 1 hit, 2 errors, 1 left on base; Quad Cities 2 - West Michigan 2 |
TOP OF THE 7TH |
Quad Cities River Bandits batting - Pitching for West Michigan Whitecaps : LHP Jim Daum
|
Batting: LHB Daigo Ishii
|
0-0: Ball 1-0: Ball 2-0: Ball 3-0: Base on Balls
|
Batting: RHB Joel Vazquez
|
Pickoff Throw to First - Out! 1-3 0-0: Called Strike 0-1: Ball 1-1: Ground out 4-3 (Groundball, 34, EV 100.0 MPH)
|
Batting: RHB Sean Mounts
|
0-0: Ball 1-0: Fly out, F9 (Flyball, 9, EV 88.1 MPH)
|
Top of the 7th over - 0 runs, 0 hits, 0 errors, 0 left on base; Quad Cities 2 - West Michigan 2 |
BOTTOM OF THE 7TH |
West Michigan Whitecaps batting - Pitching for Quad Cities River Bandits : RHP Isaiah McLaurin
|
Batting: RHB Jon Goldstein
|
0-0: Ball 1-0: Ball 2-0: Ball 3-0: Called Strike 3-1: Swinging Strike 3-2: Foul Ball, location: 2F 3-2: Base on Balls
|
Batting: LHB Jon Pedlar
|
0-0: Ball 1-0: Grounds into double play, 6-4-3 (Groundball, 6, EV 80.6 MPH)
|
Batting: RHB Scott Carr
|
0-0: Ball 1-0: SINGLE (Groundball, 4, EV 96.2 MPH)
|
Batting: LHB Steve Herrera
|
0-0: Ball 1-0: Ground out 5-3 (Groundball, 56S, EV 93.8 MPH)
|
Bottom of the 7th over - 0 runs, 1 hit, 0 errors, 1 left on base; Quad Cities 2 - West Michigan 2 |
TOP OF THE 8TH |
Quad Cities River Bandits batting - Pitching for West Michigan Whitecaps : LHP Jim Daum
|
Pinch Hitting: RHB Tristan Lewis
|
0-0: Ball 1-0: Ball 2-0: Called Strike 2-1: SINGLE (Groundball, 6M, EV 106.2 MPH) (infield hit)
|
Batting: RHB Tim Persson
|
0-0: Called Strike 0-1: Ball 1-1: Foul Ball, location: 2F 1-2: Ball 2-2: Foul Ball, location: 2F 2-2: Ball 3-2: SINGLE (Groundball, 6M, EV 83.8 MPH) (infield hit) Tristan Lewis to second
|
Batting: LHB Kelvin Jones
|
0-0: Bunt missed! 0-1: Bunted foul 0-2: Ball 1-2: SINGLE (Line Drive, 78S, EV 93.8 MPH) Tristan Lewis to third Tim Persson to second
|
Pitching: LHP Jesse Turner
|
|
Batting: LHB Danny Wolver
|
0-0: Swinging Strike 0-1: Swinging Strike 0-2: Fly out, F5 (Popup, 56S, EV 85.0 MPH)
|
Batting: LHB Aldo Kok
|
0-0: Ball 1-0: Foul Ball, location: 2F 1-1: Foul Ball, location: 2F 1-2: Ball 2-2: Ball 3-2: Strikes out looking
|
Batting: RHB Alex Campos
|
0-0: Called Strike 0-1: Foul Ball, location: 2F 0-2: Fly out, F3 (Popup, 3SF, EV 76.2 MPH)
|
Top of the 8th over - 0 runs, 3 hits, 0 errors, 3 left on base; Quad Cities 2 - West Michigan 2 |
BOTTOM OF THE 8TH |
West Michigan Whitecaps batting - Pitching for Quad Cities River Bandits : RHP Isaiah McLaurin
|
Now in CF: Reginald McDougall
|
|
Batting: RHB Yaremka Rzhevsky
|
0-0: Ball 1-0: Ground out 5-3 (Groundball, 25, EV 85.0 MPH)
|
Batting: SHB Willie Medina
|
0-0: SINGLE (Line Drive, 8RS, EV 100.0 MPH)
|
Batting: LHB George Moran
|
0-0: Called Strike Pickoff Throw to First - Out! 1-3 0-1: Ball 1-1: Fly out, F8 (Line Drive, 8RD, EV 93.1 MPH)
|
Bottom of the 8th over - 0 runs, 1 hit, 0 errors, 0 left on base; Quad Cities 2 - West Michigan 2 |
TOP OF THE 9TH |
Quad Cities River Bandits batting - Pitching for West Michigan Whitecaps : LHP Jesse Turner
|
Batting: LHB Daigo Ishii
|
0-0: Ball 1-0: Ball 2-0: Ball 3-0: Called Strike 3-1: Called Strike 3-2: Strikes out swinging
|
Batting: RHB Joel Vazquez
|
0-0: Ball 1-0: SOLO HOME RUN (Flyball, 7LD, EV 90.0 MPH), Distance : 349 ft
|
Batting: RHB Sean Mounts
|
0-0: Ball 1-0: Called Strike 1-1: Swinging Strike 1-2: Strikes out swinging
|
Batting: RHB Reginald McDougall
|
0-0: Called Strike 0-1: Ground out 5-3 (Groundball, 56S, EV 90.6 MPH)
|
Top of the 9th over - 1 run, 1 hit, 0 errors, 0 left on base; Quad Cities 3 - West Michigan 2 |
BOTTOM OF THE 9TH |
West Michigan Whitecaps batting - Pitching for Quad Cities River Bandits : RHP Isaiah McLaurin
|
Batting: LHB Dave Carlisle
|
0-0: Called Strike 0-1: Foul Ball, location: 2F 0-2: Ball 1-2: Ball 2-2: SINGLE (Groundball, 3D, EV 103.1 MPH)
|
Batting: LHB Jamie Christian
|
0-0: Called Strike Dave Carlisle steals 2nd base (no throw) 0-1: Ball 1-1: Ball 2-1: Foul Ball, location: 2F 2-2: Ball 3-2: Strikes out swinging
|
Batting: RHB Jon Goldstein
|
0-0: Ground out 5-3 (Groundball, 15, EV 88.8 MPH)
|
Batting: LHB Jon Pedlar
|
0-0: Called Strike 0-1: Foul Ball, location: 2F 0-2: Ball 1-2: Ground out 4-3 (Groundball, 4, EV 90.6 MPH)
|
Bottom of the 9th over - 0 runs, 1 hit, 0 errors, 1 left on base; Quad Cities 3 - West Michigan 2 |
|